Cogmind - Beta 14 *** ADVENTURER MODE // 2024.08.28 @ 00:06:27 Player: Fly StompChoppa Result: Destroyed by Y-45 Defender with Heavy Assault Rifle Performance ------------- Evolutions (1) 500 Regions Visited (4) 800 Robots Destroyed (60) 300 Value Destroyed (1218) 1218 Prototype IDs (0) 0 Alien Tech Used (0) 0 Bonus (24) 24 TOTAL SCORE: 2842 Bonus ------- High Alert Combat Kills 24 Cogmind --------- Core Integrity 0/400 Matter 281/300 Energy 119/125 System Corruption 9% Temperature Cool (13) Movement Flying (32) Location -9/Storage Parts ------- > --- POWER (1) -------- Light Ion Engine > --- PROPULSION (3) --- Flight Unit Flight Unit VTOL Module > --- UTILITY (3) ------ Utility Shielding > --- WEAPON (2) ------- EM Shotgun Mining Claw > --- INVENTORY (5) ---- Ion Engine Flight Unit EM Shotgun Heavy Flail Mining Claw Peak State ------------ > --- POWER ------------ Light Ion Engine > --- PROPULSION ------- Flight Unit Flight Unit Flight Unit > --- UTILITY ---------- Improved Terrain Scanner Light Armor Plating > --- WEAPON ----------- Heavy Assault Rifle Mining Claw > --- INVENTORY -------- Flight Unit Small Storage Unit Grenade Launcher EMP Trap [Rating: 11] Favorites ----------- Power Light Ion Engine Engine Light Ion Engine Propulsion Wheel Leg Aluminum Leg Wheel Wheel Flight Unit Flight Unit Utility Small Storage Unit Device Improved Terrain Scanner Storage Small Storage Unit Protection Light Armor Plating Weapon Light Assault Rifle Energy Gun EM Pulse Gun Ballistic Gun Light Assault Rifle Impact Weapon Heavy Flail Slashing Weapon Mining Claw Build | -11 -10 -10 -9 -9 ------- Run | Yrd Mat Min Mat Sto Slots Evolved 2 | . . . 2 . Power . | . . . . . Propulsion 1 | . . . 1 . Utility 1 | . . . 1 . Weapon . | . . . . . Parts Attached 58 | 9 3 9 18 19 Power 5 | 1 . . 1 3 Engine 5 | 1 . . 1 3 Core . | . . . . . Reactor . | . . . . . Propulsion 31 | 5 2 5 7 12 Treads . | . . . . . Leg 2 | 2 . . . . Wheel 11 | 3 2 3 . 3 Hover . | . . . . . Flight 18 | . . 2 7 9 Utility 6 | 2 . 2 1 1 Device 1 | . . 1 . . Storage 2 | 2 . . . . Processor . | . . . . . Hackware . | . . . . . Protection 3 | . . 1 1 1 Artifact . | . . . . . Weapon 16 | 1 1 2 9 3 Energy Gun 2 | 1 . . . 1 Energy Cannon . | . . . . . Ballistic Gun 6 | . 1 2 2 1 Ballistic Cannon . | . . . . . Launcher . | . . . . . Special Weapon . | . . . . . Impact Weapon 5 | . . . 4 1 Slashing Weapon 3 | . . . 3 . Piercing Weapon . | . . . . . Special Melee Weapon . | . . . . . Unidentified Prototypes . | . . . . . Parts Lost 14 | . 1 1 6 6 Power 2 | . . . 1 1 Propulsion 8 | . . 1 4 3 Utility . | . . . . . Weapon 4 | . 1 . 1 2 Highest Loss Streak 4 | . 1 1 4 3 To Critical Strikes . | . . . . . Average Slot Usage (%) 81 | . 85 90 76 61 Engine 12 | . 14 14 8 10 Wheel 15 | . 26 22 2 2 Flight 12 | . . 4 28 25 Device 3 | . . 6 7 . Storage 10 | . 28 8 . . Protection 5 | . . 9 8 3 Energy Gun 2 | . 8 . . 2 Ballistic Gun 13 | . 7 23 11 4 Slashing Weapon 3 | . . . 7 11 Peak Build Rating 11 | 6 7 9 11 9 Average Rating 7 | 4 6 7 9 6 On Entrance 5 | . 6 6 9 8 Naked Turns . | . . . . . Heaviest Build 17 | 15 17 16 12 12 Greatest Support 30 | 20 20 20 20 30 Greatest Overweight (x) 4 | . 4 1 2 2 Average Overweight (x) . | . . . . . Largest Inventory Capacity 8 | 8 8 8 5 5 Average Capacity 6 | 7 8 5 5 5 Most Carried 6 | 5 6 5 5 5 Average Carried 3 | 1 3 3 4 3 Final Capacity 8 | 8 8 5 5 5 Final Carried 5 | 4 4 4 2 5 Class Distribution -------------------- 54% | Mutant 44% | Scavenger-Mutant Dominant Class ---------------- Mutant | -10/Materials Scavenger-Mutant | -10/Mines Scavenger-Mutant | -9/Materials Mutant | -9/Storage Resources | -11 -10 -10 -9 -9 ----------- Run | Yrd Mat Min Mat Sto Matter Collected 961 | 239 92 233 189 208 Remotely . | . . . . . Salvage Created 1919 | 213 302 354 331 719 Parts 128 | 19 16 18 19 56 Haulers Intercepted . | . . . . . Recyclers Shooed . | . . . . . Parts Field Recycled . | . . . . . Retrieved Matter . | . . . . . Parts Self-Destructed . | . . . . . Prevented . | . . . . . Kills | -11 -10 -10 -9 -9 ------- Run | Yrd Mat Min Mat Sto Combat Hostiles Destroyed 39 | . 6 7 10 16 Melee 15 | . . . 1 14 Guns 19 | . 5 7 6 1 AOE 1 | . 1 . . . Classes Destroyed 7 | 2 4 . 1 . Worker 7 | . 1 2 . 4 Tunneler 6 | 5 . 1 . . Recycler 3 | 1 . 1 . 1 Watcher 5 | . 3 . 1 1 Swarmer 16 | . 2 3 4 7 Grunt 16 | . 4 4 4 4 Sentry 7 | . . . 2 5 Best Kill Streak 6 | 5 5 3 5 6 Combat Bots Only 5 | . 4 2 5 5 Max Kills in Single Turn 2 | 1 2 2 2 1 Gunslinging 1 | . . . 1 . Exploded 1 | . 1 . . . Melee 1 | . . . 1 1 Uniques/NPCs Destroyed . | . . . . . Combat | -11 -10 -10 -9 -9 -------- Run | Yrd Mat Min Mat Sto Hostile Shots Fired 232 | . 26 53 42 111 Missed 80 | . 10 20 20 30 Damage Taken 1629 | . 135 266 554 674 Core 523 | . 44 78 96 305 Absorbed by Shields . | . . . . . Ignored by Resistances 395 | . 47 82 59 207 Regen/Repaired (Parts) 124 | . 44 . 80 . Core Remaining (%) 75 | 100 . 51 . . Volleys Fired 99 | 7 27 38 13 14 Largest 2 | 1 1 2 2 1 Hottest 45 | 40 40 40 40 45 Shots Fired 125 | 7 27 57 21 13 Gun 125 | 7 27 57 21 13 Cannon . | . . . . . Launcher . | . . . . . Special . | . . . . . Kinetic 87 | . . 57 21 9 Thermal . | . . . . . Explosive . | . . . . . Electromagnetic 38 | 7 27 . . 4 Robot Hit Streak 17 | 7 13 16 17 7 Robot Miss Streak 4 | . 1 4 1 2 Penetration Max . | . . . . . Secondary Targets 2 | . . 1 1 . Max Gunslinging Chain 1 | . . 1 1 . Shots Hit Robots 147 | 7 23 41 31 45 Core Hits 73 | 6 15 19 10 23 Critical Kills . | . . . . . Critical Parts Destroyed 4 | . . . 2 2 Critical Strikes 5 | . 1 . 2 2 Corrupt 1 | . 1 . . . Smash 4 | . . . 2 2 Melee Attacks 73 | . . . 20 53 Impact 19 | . . . 13 6 Slashing 54 | . . . 7 47 Piercing . | . . . . . Sneak Attacks 6 | . . . 1 5 Combat Hostiles . | . . . . . Follow-up Attacks 1 | . . . . 1 Damage Inflicted 2789 | 120 488 376 636 1169 Guns 1115 | 98 366 376 172 103 Cannons . | . . . . . Explosions 144 | 22 122 . . . Melee 1530 | . . . 464 1066 Ramming . | . . . . . Kinetic 595 | . . 376 172 47 Thermal 144 | 22 122 . . . Explosive . | . . . . . Electromagnetic 520 | 98 366 . . 56 Impact 465 | . . . 274 191 Slashing 1065 | . . . 190 875 Piercing . | . . . . . Highest Corruption 9 | . 3 3 9 9 Average Corruption 4 | . 2 3 9 9 Corruption Purged . | . . . . . Corruption Blocked . | . . . . . Effects 44 | . 3 21 4 16 Message Errors 9 | . . 2 2 5 Matter Fused 13 | . 3 6 . 4 Heat Flow Errors 7 | . . 5 . 2 Energy Discharges 3 | . . 1 1 1 Parts Fused 2 | . . . 1 1 Data Loss (minor) 3 | . . 2 . 1 Data Loss (major) 1 | . . 1 . . Misfires 1 | . . 1 . . Alerts 2 | . . 1 . 1 Weapon Failures 3 | . . 2 . 1 Overload Shots . | . . . . . Overflow Damage 240 | . . . 120 120 Projectiles . | . . . . . Explosions . | . . . . . Melee 240 | . . . 120 120 Knockbacks 2 | . . . 1 1 Impact 2 | . . . 1 1 Kinetic . | . . . . . Secondary . | . . . . . Self-Inflicted Damage . | . . . . . Shots . | . . . . . Rammed . | . . . . . Targets Rammed . | . . . . . Kicked . | . . . . . Crushed . | . . . . . Highest Temperature 258 | . 42 258 9 210 Average Temperature 61 | . 21 74 9 51 Received Heat Transfer 462 | . 60 120 108 174 Siege Activations . | . . . . . Robots Corrupted 5 | . 1 . 3 1 Combat Hostiles 4 | . . . 3 1 Parts Fried 8 | . 2 . 3 3 Impact Corruptions 11 | . . . 6 5 Robots Melted . | . . . . . Combat Hostiles . | . . . . . Parts Melted . | . . . . . Heat Transferred 150 | 50 100 . . . Parts Sabotaged . | . . . . . Parts Stolen . | . . . . . Parts Stripped . | . . . . . Power Chain Reactions 2 | 1 1 . . . Alert | -11 -10 -10 -9 -9 ------- Run | Yrd Mat Min Mat Sto Peak Influence 525 | 30 264 110 202 525 Initial 45 | . 16 . . 45 Average 108 | 12 80 45 99 314 Maximum Alert Level 2 | . 1 . 1 2 Low Security (%) 75 | 100 76 100 75 22 Level 1 19 | . 23 . 24 49 Level 2 4 | . . . . 28 Level 3 . | . . . . . Level 4 . | . . . . . Level 5 . | . . . . . High Security . | . . . . . Max Security . | . . . . . Squads Dispatched 4 | . . . 2 2 Investigation . | . . . . . Extermination . | . . . . . Reinforcement 4 | . . . 2 2 Assault . | . . . . . Garrison . | . . . . . Intercept . | . . . . . Searches Triggered . | . . . . . Construction Impeded . | . . . . . Haulers Reinforced . | . . . . . Active Scanning Responses . | . . . . . Cargo Convoy Interrupts . | . . . . . Stealth | -11 -10 -10 -9 -9 --------- Run | Yrd Mat Min Mat Sto Distress Signals 5 | . 2 . 1 2 Communications Jammed . | . . . . . Distress Signals . | . . . . . Times Spotted 65 | . 14 9 15 27 Peak Tracking Total 7 | . 6 2 6 7 Tactical Retreats 7 | . . 1 4 2 Traps | -11 -10 -10 -9 -9 ------- Run | Yrd Mat Min Mat Sto Traps Triggered 8 | . 4 . 2 2 Indirectly . | . . . . . Trap Hack Attempts . | . . . . . Triggered . | . . . . . Disarmed 6 | . 6 . . . Reprogrammed . | . . . . . Reused . | . . . . . Traps Extracted . | . . . . . Installed . | . . . . . Triggered . | . . . . . Most Traps Carried 1 | . . 1 1 . Machines | -11 -10 -10 -9 -9 ---------- Run | Yrd Mat Min Mat Sto Machines Disabled . | . . . . . Max in Single Turn . | . . . . . Machines Repaired . | . . . . . Machines Dismantled . | . . . . . Machines Sabotaged . | . . . . . Overloaded Fab Kills . | . . . . . Hacking | -11 -10 -10 -9 -9 --------- Run | Yrd Mat Min Mat Sto Machines Accessed 12 | . 7 . 3 2 Terminals 9 | . 5 . 2 2 Fabricators . | . . . . . Repair Stations 2 | . 1 . 1 . Recycling Units 1 | . 1 . . . Scanalyzers . | . . . . . Garrison Access . | . . . . . Total Hacks 33 | . 22 . 6 5 Successful 21 | . 14 . 4 3 Failed 12 | . 8 . 2 2 Catastrophic 1 | . 1 . . . Database Lockouts . | . . . . . Manual 3 | . . . . 3 Terminals 25 | . 16 . 4 5 Fabricators . | . . . . . Repair Stations 7 | . 5 . 2 . Recycling Units 1 | . 1 . . . Scanalyzers . | . . . . . Garrison Access . | . . . . . Terminal Hacks 14 | . 9 . 2 3 Record 5 | . 4 . 1 . Alert Level 2 | . 2 . . . Unreport Threat 1 | . 1 . . . Disarm Traps 1 | . 1 . . . Dispatch Records 2 | . . . 1 1 Maintenance Status 1 | . . . . 1 Investigation Status 1 | . . . . 1 Recall Investigation 1 | . 1 . . . Fabricator Hacks . | . . . . . Repair Station Hacks 6 | . 4 . 2 . Scan Component 3 | . 2 . 1 . Repair 3 | . 2 . 1 . Recycling Unit Hacks 1 | . 1 . . . Report Inventory 1 | . 1 . . . Scanalyzer . | . . . . . Garrison Access Hacks . | . . . . . Unauthorized Hacks . | . . . . . Terminals . | . . . . . Fabricators . | . . . . . Repair Stations . | . . . . . Recycling Units . | . . . . . Scanalyzers . | . . . . . Garrison Access . | . . . . . Data Cores Recovered . | . . . . . Used . | . . . . . Hacking Detections 8 | . 3 . 2 3 Full Trace Events . | . . . . . Feedback Events . | . . . . . Feedback Blocked . | . . . . . Robot Schematics Acquired . | . . . . . Robots Built . | . . . . . Authchips . | . . . . . Time . | . . . . . Total Robot Build Rating . | . . . . . Part Schematics Acquired . | . . . . . Parts Built . | . . . . . Authchips . | . . . . . Time . | . . . . . Total Part Build Rating . | . . . . . Parts Repaired 3 | . 2 . 1 . Time 78 | . 52 . 26 . Parts Recycled . | . . . . . Recycled Matter . | . . . . . Retrieved Matter . | . . . . . Retrieved Components . | . . . . . Parts Scanalyzed . | . . . . . Part Schematics Acquired . | . . . . . Parts Damaged . | . . . . . Bothacking | -11 -10 -10 -9 -9 ------------ Run | Yrd Mat Min Mat Sto Used RIF Installer . | . . . . . Robots Hacked . | . . . . . Non-combat . | . . . . . Combat . | . . . . . Robot Hacks Applied . | . . . . . Relay Couplers Released . | . . . . . Fabnet Peak Effective % . | . . . . . Robots Rewired . | . . . . . Allies Hacked . | . . . . . Hacks Repelled . | . . . . . Allies | -11 -10 -10 -9 -9 -------- Run | Yrd Mat Min Mat Sto Total Allies 3 | . . 3 . . Largest Group 3 | . . 3 . . Highest-Rated Group 40 | . . 40 . . Highest-Rated Ally 16 | . . 16 . . Total Orders . | . . . . . Ally Attacks 10 | . . 10 . . Total Damage 77 | . . 77 . . Kills . | . . . . . Allies Corrupted . | . . . . . Allies Melted . | . . . . . Intel | -11 -10 -10 -9 -9 ------- Run | Yrd Mat Min Mat Sto Robot Analysis Total . | . . . . . Derelict Logs Recovered 2 | . . 2 . . Drone Launches . | . . . . . Drone Recoveries . | . . . . . Exploration | -11 -10 -10 -9 -9 ------------- Run | Yrd Mat Min Mat Sto Turns Passed 3301 | 91 931 1036 725 518 Spaces Moved 3241 | 60 948 1097 596 540 Core 40 | 11 7 . 11 11 Treads . | . . . . . Legs 24 | 24 . . . . Wheels 1870 | 25 941 817 57 30 Hover . | . . . . . Flight 1307 | . . 280 528 499 Fastest Speed 32 | 50 80 37 34 32 Average Speed 64 | 90 81 71 40 45 Slowest Speed 250 | 120 250 120 150 150 Overloaded Moves . | . . . . . Propulsion Burnouts . | . . . . . Robots Hopped . | . . . . . Cave-ins Triggered 2 | . . . 2 . Exploration Rate (%) 59 | 3 95 93 33 75 Regions Visited 4 Branch Regions 2 Pre-discovered Areas 1 | . . 1 . . Known Exits Taken 1 | . . . 1 . Unknown Exits Taken 3 | 1 1 1 . . Scrap Searched 1 | . . 1 . . Spaces Dug 12 | . . . 5 7 Terrain Destroyed 20 | 5 3 . 5 7 Melee 12 | . . . 5 7 Projectile . | . . . . . AOE 8 | 5 3 . . . Terrain Rammed . | . . . . . Walls Destroyed . | . . . . . Machines Disabled . | . . . . . Actions | -11 -10 -10 -9 -9 --------- Run | Yrd Mat Min Mat Sto Total 4207 | 91 1081 1297 1032 706 Wait 641 | . 101 136 351 53 Move 3237 | 59 947 1096 595 540 Hop . | . . . . . Pick Up 63 | 12 3 10 20 18 Fast Attach 1 | . . . 1 . Attach 50 | 9 3 7 16 15 Detach 7 | 2 . . 2 3 Swap 7 | . . 2 1 4 Drop 31 | 2 . 8 13 8 Fire 99 | 7 27 38 13 14 Melee 71 | . . . 20 51 Ram . | . . . . . Kick . | . . . . . Crush . | . . . . . Escape Stasis . | . . . . . Rewire . | . . . . . Trap . | . . . . . Miscellaneous . | . . . . . Route ------- -11/Scrapyard -10/Materials (discovered 5 exits: *Mat x3 / [*Min] / [*Sub]) -10/Mines (discovered 2 exits: *Mat x2) -9/Materials (discovered 3 exits: [*Min] / *Sto x2) -9/Storage History --------- Turn | Location | Event 11 | -11/Scrapyard | Discovered new exit (range 16) 92 | -11/Scrapyard | Entered Materials 153 | -10/Materials | Discovered new exit (range 14) 251 | -10/Materials | Discovered new exit (range 16) 306 | -10/Materials | Build established: Mutant 308 | -10/Materials | Discovered new exit (range 16) 343 | -10/Materials | Repaired Wheel 371 | -10/Materials | Repaired Wheel 921 | -10/Materials | Discovered new exit (range 6) 1013 | -10/Materials | Discovered new exit (range 8) 1023 | -10/Materials | Entered Mines 1024 | -10/Mines | Learned location of Storage (-9) 1110 | -10/Mines | Discovered new exit (range 5) 1209 | -10/Mines | Learned 2 Materials zone layouts 1387 | -10/Mines | Assisted by bots powering up and referring to "LRC-V3" 1510 | -10/Mines | Lost 3 allies 1721 | -10/Mines | Discovered new exit (range 6) 1853 | -10/Mines | Build established: Scavenger-Mutant 1908 | -10/Mines | Found a hidden stash of uninstalled traps 2059 | -10/Mines | Entered Materials 2059 | -9/Materials | Evolved 2 slots: Propulsion x1, Utility x1 2060 | -9/Materials | Identified exit to Storage 2168 | -9/Materials | Discovered exit to Storage (range 7) 2235 | -9/Materials | Repaired Lgt. Armor Plating 2544 | -9/Materials | Discovered new exit (range 14) 2646 | -9/Materials | Crushed by falling debris 2650 | -9/Materials | Crushed by falling debris 2701 | -9/Materials | Lost 4 parts (3n1w) 2784 | -9/Materials | Entered Storage 2961 | -9/Storage | Core integrity fell below 50% 3008 | -9/Storage | Lost 3 parts (2n1w) 3126 | -9/Storage | Core integrity fell below 20% 3218 | -9/Storage | Build established: Mutant 3302 | -9/Storage | Destroyed by Y-45 Defender with Heavy Assault Rifle Last Messages --------------- >>Enumerate(Investigations) Retrieving latest reported positions... No active investigation squads found. 03191_ UCZF50,N>7DSIY9WW Q5WP3GU%G,&7OEHUNNH&YJL2UR,WBU 03286_ The unstable cave ceiling collapses. 03288_ Y-45 Defender destroyed. 03291_ U-05 Engineer builds a Wall. 03302_ Y-45 Defender destroyed. Map ----- +----------------------------------------------------+ | ??????????????????????????????# | | ??????????????????????????????# | | ??????????????????????????????# | | ??????????????????????????????# | | ??????????????????????????????#""" | | ??????????????????????????????#""" | | ??????????????????????????????#""" | | ??????????????????????????????# * | | ??????????????????????????????#""" | | ??????????????????????????????#""" | | ?????????????????###??????????#""* | | ??????????######## ############ | | ??????????# ## ##### | | ????????### """ ## """ # | | ????????#"" """ *## """ # | | ????????#"T """ ## """ / | | ????#####"" ## ###+# | | ????#"""### """ # """ #?# | | ?####"Y"### """ ## """ #?# | | ?# # """ ## """ #?# | | ?# """ # ## #?# | | ?# """ #+###/#########/###### | | ?# """ [# # | | ?# [Yu # | | ?# """ !!%# # | | ?# """ [%@###########+########## | | ?# """ ==#??# #??????# " | | ?# #??# [ #??????#"# | | ?####### ##??# = ""?????# ### | | ???????###???# R"????# | | ???????# #??# """" """#?### | | ???????# #??## """" ####?#"" | | ???????###???# """" #????#"Y | | ?????????????# """" #????#"" | | ?????????????# ??? #????### | | ?????????????##?????###??????# | | ?????????????????????????????# | | ?????????????????????????????#+### | | ?????????????????????????????# #?? | | ?????????????????????????????# #?? | | ?????????????????????????????# #?? | | ????????????????????########## ### | | ????????????????????# + | | ????????????????????# ####+ | | ????????????????????# #?# | | ????????????????????# #?# " | | ????????????????????##########?# " | | ???????????????????????????????# " | | ???????????????????????????????# | | ???????????????????????????????# | +----------------------------------------------------+ Best States ------------- Heat Dissipation 28 Energy Generation 12 Energy Capacity 265 Matter Stores 300 Matter Capacity 300 Sight Range 16 Terrain Scan Range 16 Terrain Scan Density 10 Armor Coverage 150 Resistance: KI 20 Resistance: TH 20 Resistance: EX 20 Resistance: EM 20 Resistance: I 20 Resistance: S 20 Resistance: P 20 Utility Shielding 33 Evasion (%) 63 Offensive Hacking 10 Item Schematics ----------------- None Robot Schematics ------------------ None Fabricated ------------ Nothing Alien Tech Used ----------------- None Achievements -------------- None Challenges ------------ None Game ------ Seed NetworkLongswordBiocell Manual? 0 Play Time 00:50:25 Cumulative 20.0 hours Start 2024.08.27 @ 22:56:47 End 2024.08.28 @ 00:06:27 Sessions 1 Manual Loads 0 Difficulty Adventurer Special Mode None Game No. 24 Rogue 0 Adventurer 24 Explorer 0 Win Type - Total 0 Types 0/0/0/0/0/0/0/0/0 Lore% 4 Gallery% 18 Achievement% 16 Wizard Run 0 Options --------- Layout 1 ASCII 0 Keyboard 0 Movement Numpad Keybinds 0 Fullscreen 1 Font 24/Smallcaps Map View 50x35 Zoom Use 27% Tactical HUD 1 Map Filters NONE Filters NONE Steam 1 RUN: b911c18b-ae89-4df5-ac10-f46a1343b55a